 Dungeon Crawl Stone Soup version 0.28.0-1-gb440e238dd (webtiles) character file.

Game seed: 14205287882099990189

3020 Morbidden the Conjurer (level 9, -7/65 HPs)
             Began as a Demonspawn Conjurer on Feb 20, 2022.
             Was a Follower of Vehumet.
             Mangled by an ogre (13 damage)
             ... on level 6 of the Dungeon.
             The game lasted 00:13:37 (7854 turns).

Morbidden the Conjurer (Demonspawn Conjurer)        Turns: 7854, Time: 00:13:37

Health: -7/65      AC: 12    Str: 13    XL:     9   Next: 55%
Magic:  0/19       EV: 16    Int: 21    God:    Vehumet [*.....]
Gold:   411        SH:  5    Dex: 17    Spells: 10/20 levels left

rFire   + . .      SeeInvis .   a - +1 spear (venom)
rCold   + . .      Faith    .   n - +1 buckler {rPois}
rNeg    . . .      Spirit   +   l - +2 ring mail of Motuoly {rElec Int-2 Dex+4 Slay+3}
rPois   +          Reflect  .   (helmet restricted)
rElec   +          Harm     .   m - +1 cloak
rCorr   +          Rampage  .   (no gloves)
Will    +....                   (no boots)
Stlth   ++........              c - amulet of magic regeneration
HPRegen 0.20/turn               h - +6 ring of strength
MPRegen 0.72/turn               u - +4 ring of evasion

@: resistant, on berserk cooldown, attractive, slowed, very slow
A: icy blue scales 1, spiny 1, magic shield, magic regeneration, antennae 1,
high MP 1, strong-willed 1, shaggy fur 1
a: Renounce Religion


You were on level 6 of the Dungeon.
You worshipped Vehumet.
Vehumet was aware of your devotion.
You visited 2 branches of the dungeon, and saw 8 of its levels.
You also visited: Sewer.

You collected 411 gold pieces.

Inventory:

Hand Weapons
 a - a +1 spear of venom (weapon)
 i - a +0 dagger
Missiles
 q - 2 curare-tipped darts
Armour
 j - a +0 helmet
 l - the +2 ring mail of Motuoly (worn) {rElec Int-2 Dex+4 Slay+3}
   (You took it off a goblin on level 2 of the Dungeon)

   Int:       It affects your intelligence (-2).
   Dex:       It affects your dexterity (+4).
   Slay:      It affects your accuracy & damage with ranged weapons and melee
   (+3).
   rElec:     It insulates you from electricity.
 m - a +1 cloak (worn)
 n - a +1 buckler of poison resistance (worn)
Jewellery
 c - an amulet of magic regeneration (around neck)
 h - a +6 ring of strength (left hand)
 u - a +4 ring of evasion (right hand)
Wands
 t - a wand of digging (7)
Scrolls
 b - a scroll of brand weapon
 d - 2 scrolls of blinking {unknown}
 e - 2 scrolls of identify
 o - a scroll of teleportation
 p - a scroll of amnesia {unknown}
 r - a scroll of immolation {unknown}
Potions
 f - 2 potions of mutation
 g - 2 potions of brilliance
 k - 2 potions of curing
 s - 4 potions of flight
 w - 2 potions of magic
 A - a potion of might {unknown}


   Skills:
 * Level 3.8 Fighting
 + Level 3.1 Polearms
 + Level 3.3 Armour
 * Level 4.5 Dodging
 + Level 3.3 Stealth
 + Level 0.6 Shields
 * Level 6.0 Spellcasting
 * Level 7.3 Conjurations
 * Level 3.5 Translocations
 * Level 1.6 Air Magic


You had 10 spell levels left.
You knew the following spells:

 Your Spells              Type           Power      Damage    Failure   Level
a - Shock                 Conj/Air       100%       1d9       4%          1
b - Searing Ray           Conj           74%        2d7       1%          2
c - Iskenderun's Mystic   Conj/Tloc      29%        2d7       28%         4
d - Magic Dart            Conj           100%       1d8       1%          1
z - Static Discharge      Conj/Air       25%        N/A       6%          2

Your spell library contained the following spells:

 Spells                   Type           Power      Damage    Failure   Level
 Dazzling Flash           Conj/Hex       42%        N/A       19%         3
 Fulminant Prism          Conj/Hex       10%        3d9       52%         4
 Lightning Bolt           Conj/Air       12%        1d26      75%         5
 Maxwell's Capacitive Co  Air            6%         ∞         100%        8


Dungeon Overview and Level Annotations

Branches:
Dungeon (7/15)             Temple (1/1) D:5           Sewer (visited)

Altars:
Ashenzari
Dithmenos
Elyvilon
Gozag
Hepliaklqana
Kikubaaqudgha
Makhleb
Nemelex Xobeh
Okawaru
Qazlal
Ru
Sif Muna
Trog
Vehumet
Wu Jian
Xom
Yredelemnul
Zin
The Shining One

Annotations:
D:2 1 runed translucent door, Crazy Yiuf
D:7 Harold


Innate Abilities, Weirdness & Mutations

You are partially covered in icy blue scales. (AC +2)
You are partially covered in sharp spines.
When hurt, damage is shared between your health and your magic reserves.
You regenerate magic rapidly.
You have a pair of small antennae on your head.
You have an increased reservoir of magic. (+10% MP)
You are strong-willed. (Will+)
You are covered in fur. (AC +1)


Message History

You closely miss Maggie.
Maggie is moderately wounded.
Unknown command.
You puncture Maggie!
Maggie is heavily wounded.
You block Maggie's attack.
Unknown command.
You hit Maggie.
Maggie looks as sick as possible!
Maggie is heavily wounded.
Maggie barely misses you.
Unknown command.
You puncture Maggie!
Maggie looks as sick as possible!
Maggie is severely wounded.
Unknown command.
You puncture Maggie!
Maggie looks as sick as possible!
Maggie is almost dead.
Maggie hits you but does no damage.
Unknown command.
You closely miss Maggie.
Maggie is almost dead.
Maggie casts a spell.
Unknown command.
You closely miss Maggie.
Maggie is almost dead.
You kill Maggie!
Vehumet accepts your kill.
Your Spellcasting skill increases to level 6!
Unknown command.
You puncture the ogre!
The ogre is poisoned.
The ogre is severely wounded.
You are no longer berserk.
You are exhausted.
You feel yourself slow down.
Unknown command.
You hit the ogre.
The ogre looks as sick as possible!
The ogre is almost dead.
The ogre hits you with a +0 giant club.
* * * LOW HITPOINT WARNING * * *
The ogre hits you with a +0 giant club!!
You die...

######### ### ##.......# ##.##
##..♣...♣.. ### #...####
#.......... #####.##
#...#..####.....♣....
#.#.#..######.........#..>.....>.
.......#...##.........#.....♣....
.<....##...#).#.@#...)#..........
..M...###....>#O##....##.†♣...♣..
..#...#..............#.##.......#
..##.....................###.####
.............................#
#.###.........###......#######
#######.##.)..#.....#..#
##.##......[.......###.###
...##..............###...#


You could see an ogre (extremely poisoned).

Vanquished Creatures
  Pikel (D:6)
  Maggie (D:6)
  Menkaure (D:6)
  A water moccasin (D:6)
  An ice beast (D:5)
  2 black bears (D:6)
  An orc warrior (D:6)
  A sky beast (D:5)
  An ogre (D:5)
  A necrophage (D:6)
  A phantom (D:6)
  2 lemures (D:6)
  A wyvern zombie (D:5)
  A gnoll sergeant (D:6)
  4 scorpions
  A wyvern skeleton (D:5)
  3 water moccasin skeletons
  A wight (D:6)
  2 bullfrog zombies
  An orc priest (D:7)
  A jelly (D:5)
  A bullfrog skeleton (D:5)
  A centaur skeleton (D:6)
  Terence (D:2)
  A scorpion zombie (D:5)
  2 iguanas
  3 orc wizards
  A merfolk siren (Sewer)
  A merfolk avatar (Sewer)
  Robin (D:2)
  11 adders
  9 gnolls
  A river rat (Sewer)
  A shadow imp (D:5)
  An adder skeleton (D:4)
  4 dart slugs
  2 worms
  12 orcs
  6 ball pythons
  8 endoplasms
  12 giant cockroaches
  12 goblins
  5 hobgoblins
  8 jackals
  6 kobolds
  5 quokkas
  4 bats
  9 frilled lizards
  21 rats
178 creatures vanquished.

Vanquished Creatures (others)
  2 fungi (D:2)
2 creatures vanquished.

Grand Total: 180 creatures vanquished

Notes
Turn   | Place    | Note
-------+----------+-------------------------------------------
     0 | D:1      | Morbidden the Demonspawn Conjurer began the quest for the
                  | Orb.
     0 | D:1      | Reached XP level 1. HP: 13/13 MP: 3/3
   243 | D:1      | Gained mutation: You are partially covered in sharp spines.
                  | [demonic ancestry]
   243 | D:1      | Reached XP level 2. HP: 14/19 MP: 1/5
   894 | D:1      | Learned a level 2 spell: Searing Ray
  1235 | D:1      | Found a faded altar of an unknown god.
  1623 | D:2      | Gained mutation: You regenerate magic rapidly. [demonic
                  | ancestry]
  1623 | D:2      | Reached XP level 3. HP: 24/24 MP: 4/6
  1656 | D:2      | Found a sparkling altar of Nemelex Xobeh.
  1703 | D:2      | Noticed Robin
  1747 | D:2      | Killed Robin
  1959 | D:2      | Identified the +2 ring mail of Motuoly {rElec Int-2 Dex+4
                  | Slay+3}
  2155 | D:2      | Reached skill level 5 in Conjurations
  2155 | D:2      | Reached XP level 4. HP: 30/30 MP: 4/7
  2490 | D:2      | Noticed Terence
  2498 | D:2      | Killed Terence
  2499 | D:2      | Reached XP level 5. HP: 30/36 MP: 4/9
  2717 | D:2      | Reached skill level 1 in Fighting
  2842 | D:2      | Learned a level 4 spell: Iskenderun's Mystic Blast
  2945 | D:2      | Found a runed translucent door.
  2946 | D:2      | Noticed Crazy Yiuf
  3383 | D:3      | Found a hazy altar of Hepliaklqana.
  3383 | D:3      | Found a faded altar of an unknown god.
  3395 | D:3      | Found a faded altar of an unknown god.
  3400 | D:3      | Found an ornate altar of the Wu Jian Council.
  3949 | D:4      | Reached skill level 1 in Polearms
  3985 | D:4      | Reached skill level 1 in Armour
  3985 | D:4      | Reached XP level 6. HP: 16/43 MP: 11/11
  3988 | D:4      | Gained mutation: You are strong-willed. (Will+) [potion of
                  | mutation]
  3988 | D:4      | Gained mutation: You have an increased reservoir of magic.
                  | (+10% MP) [potion of mutation]
  3988 | D:4      | Gained mutation: You are covered in fur. (AC +1) [potion of
                  | mutation]
  3988 | D:4      | Gained mutation: You have a pair of small antennae on your
                  | head. [potion of mutation]
  4204 | D:4      | Found a glowing drain.
  4222 | Sewer    | Entered a sewer
  4629 | Sewer    | Reached skill level 1 in Translocations
  4834 | D:4      | Reached XP level 7. HP: 48/49 MP: 13/13
  5437 | D:5      | Entered Level 5 of the Dungeon
  5910 | D:5      | Found a staircase to the Ecumenical Temple.
  5946 | Temple   | Entered the Ecumenical Temple
  6215 | Temple   | Became a worshipper of Vehumet
  6315 | D:5      | Gained mutation: You are partially covered in icy blue
                  | scales. (AC +2) [demonic ancestry]
  6315 | D:5      | Reached XP level 8. HP: 57/57 MP: 12/15
  6389 | D:5      | Reached skill level 6 in Conjurations
  6578 | D:6      | Noticed Menkaure
  6973 | D:6      | Killed Menkaure
  7043 | D:6      | Found an iron altar of Okawaru.
  7268 | D:6      | Reached * piety under Vehumet
  7268 | D:6      | Offered knowledge of Shock by Vehumet.
  7291 | D:6      | Reached skill level 5 in Spellcasting
  7381 | D:6      | Gained mutation: When hurt, damage is shared between your
                  | health and your magic reserves. [demonic ancestry]
  7381 | D:6      | Reached XP level 9. HP: 64/64 MP: 18/18
  7398 | D:6      | Learned a level 1 spell: Shock
  7574 | D:6      | Noticed Pikel
  7596 | D:6      | Killed Pikel
  7597 | D:6      | Reached skill level 7 in Conjurations
  7745 | D:6      | Learned a level 2 spell: Static Discharge
  7799 | D:7      | Noticed Maggie
  7799 | D:7      | Found a shadowy altar of Dithmenos.
  7807 | D:7      | Noticed Harold
  7815 | D:7      | Reached skill level 1 in Air Magic
  7852 | D:6      | Killed Maggie
  7854 | D:6      | Mangled by an ogre

Illustrated notes

Levels and vault maps discovered:
D:1:      psy_arrival_radial01, layout_basic, chequers_ecumenical_altar_twisty,
          minmay_worlds_worst_comb
D:2:      layout_loops_ring, basic_altar, uniq_robin, uniq_crazy_yiuf_cottage,
          uniq_terence
D:3:      layout_loops_cross, chequers_temple_overflow_minitemple,
          nrook_mini_vaults, serial_park_tiny_2
D:4:      layout_loops_corners, portal_sewer_entry_f
D:5:      layout_basic, minmay_temple_entry_antechambers
D:6:      kennysheep_spiral_hall, layout_cave_pools, okawaru_metal_pillars_3,
          grunt_ministairs_10, corexii_corridor_pit, due_unseen_surprise,
          uniq_menkaure, uniq_pikel
D:7:      layout_cave_pools, amcnicky_altar_gilded,
          mainiacjoe_overflow_24_doors, lemuel_crystal_altar, serial_shops,
          nicolae_shop_hallway_stairs, serial_bayou_lake_a, uniq_harold,
          uniq_maggie
Temple:   minmay_temple_curvy_branch

Skill      XL: |  1  2  3  4  5  6  7  8  9 |
---------------+----------------------------+-----
Dodging        | 2 3 4 |  4.5
Stealth        | 2 3 |  3.3
Conjurations   | 5 6 7 |  7.3
Spellcasting   | 3 4 5 6 |  6.0
Fighting       | 1 2 3 |  3.8
Polearms       | 1 2 3 |  3.1
Armour         | 1 2 3 |  3.3
Translocations | 1 2 3 |  3.5
Air Magic      | 1 |  1.6
Shields        | |  0.6

Action                   |  1- 3 |  4- 6 |  7- 9 || total
-------------------------+-------+-------+-------++-------
Melee: Unarmed           |     6 |       |       ||     6
       Spear             |       |   119 |    85 ||   204
 Cast: Magic Dart        |    75 |    36 |    48 ||   159
       Searing Ray       |     4 |    12 |    36 ||    52
       Shock             |       |       |     7 ||     7
       Static Discharge  |       |       |     3 ||     3
  Use: Scroll            |       |     1 |     2 ||     3
       Potion            |       |     3 |     4 ||     7
 Stab: Sleeping          |       |     6 |     3 ||     9
Armor: Robe              |     3 |       |       ||     3
       Ring mail         |       |    27 |    35 ||    62
Dodge: Dodged            |     5 |    27 |    77 ||   109
Block: Buckler           |       |     2 |    22 ||    24
